 Dungeon Crawl Stone Soup version 0.31-a0-844-gdc52ec4e09 (webtiles) character file.

Game seed: 15965364076473026026

103 CrazyBamboolord the Digger (level 4, 0/25 HPs)
             Began as a Gargoyle Earth Elementalist on Sept 28, 2023.
             Slain by a scorpion (4 damage)
             ... on level 4 of the Dungeon.
             The game lasted 00:04:31 (2639 turns).

CrazyBamboolord the Digger (GrEE)                   Turns: 2639, Time: 00:04:31

Health: 0/25       AC:  6    Str: 11    XL:     4   Next: 79%
Magic:  7/7        EV: 12    Int: 18    God:
Gold:   195        SH:  0    Dex: 10    Spells: 2/8 levels left

rFire   . . .        a - +0 short sword
rCold   . . .        (no shield)
rNeg    + . .        d - +0 robe
rPois   ∞            e - +0 helmet
rElec   +            (no cloak)
rCorr   .            (no gloves)
SInv    .            (no boots)
Will    .....        (no amulet)
Stlth   ++           h - ring of wizardry
HPRegen 0.24/turn    n - ring of flight
MPRegen 0.10/turn

%: wizardry (x1)
@: flying
A: sickness immunity, AC +3, negative energy resistance 1, electricity
resistance, torment resistance 1, petrification resistance
a: no special abilities


You were on level 4 of the Dungeon.
You visited 1 branch of the dungeon, and saw 4 of its levels.

You collected 195 gold pieces.

Inventory:

Hand Weapons
 a - a +0 short sword (weapon)
Armour
 d - a +0 robe (worn)
 e - a +0 helmet (worn)
Jewellery
 h - a ring of wizardry (left hand)
 n - a ring of flight (right hand)
Scrolls
 c - 3 scrolls of teleportation
 j - a scroll of fog
 k - a scroll of noise {unknown}
 l - a scroll of revelation {unknown}
Potions
 f - a potion of cancellation {unknown}
 g - 2 potions of ambrosia
 i - a potion of might
 m - a potion of mutation {unknown}


   Skills:
 + Level 1.3 Fighting
 * Level 2.0 Dodging
 + Level 2.8 Stealth
 * Level 2.5 Spellcasting
 * Level 1.6 Conjurations
 + Level 0.9 Transmutations
 * Level 4.5 Earth Magic


You had 2 spell levels left.
You knew the following spells:

 Your Spells              Type           Power      Damage    Failure   Level
a - Sandblast             Erth           36%        2d10      1%          1
b - Stone Arrow           Conj/Erth      26%        3d8       6%          3
c - Passwall              Tmut/Erth      10%        N/A       3%          2

Your spell library contained the following spells:

 Spells                   Type           Power      Damage    Failure   Level
 Freeze                   Ice            8%         1d3       7%          1
 Ensorcelled Hibernation  Hex/Ice        4%         N/A       11%         2
 Poisonous Vapours        Pois/Air       4%         N/A       11%         2
 Hailstorm                Conj/Ice       5%         3d4       16%         3
 Mephitic Cloud           Conj/Pois/Air  4%         N/A       16%         3
 Brom's Barrelling Bould  Conj/Erth      13%        2d4       19%         4
 Frozen Ramparts          Ice            4%         1d1       21%         3
 Swiftness                Air            2%         N/A       21%         3
 Petrify                  Tmut/Erth      12%        N/A       22%         4
 Freezing Cloud           Conj/Ice/Air   2%         6-21      80%         5


Dungeon Overview and Level Annotations

Branches:
Dungeon (4/15)
 Temple: D:4-7

Altars:
Elyvilon
Fedhas
Wu Jian


Innate Abilities, Weirdness & Mutations

You are immune to sickness and miasma.
Your stone body is resilient. (AC +3)
You are immune to poison.
You resist negative energy. (rN+)
You are resistant to electric shocks. (rElec)
You are resistant to unholy torment.
You are immune to petrification.


Message History

You closely miss the scorpion.
The scorpion is almost dead.
The scorpion stings you but does no damage.
You hit the scorpion but do no damage.
The scorpion is almost dead.
The scorpion closely misses you.
You closely miss the scorpion.
The scorpion is almost dead.
The scorpion stings you but does no damage.
You hit the scorpion.
The scorpion is almost dead.
The scorpion stings you but does no damage.
The scorpion stings you.
You barely miss the scorpion.
The scorpion is almost dead.
The scorpion misses you.
You hit the scorpion but do no damage.
The scorpion is almost dead.
The scorpion closely misses you.
You hit the scorpion but do no damage.
The scorpion is almost dead.
The scorpion stings you.
You barely miss the scorpion.
The scorpion is almost dead.
The scorpion stings you.
You are too injured to fight recklessly!
You are too injured to fight recklessly!
Aiming: Sandblast (safe; 1% risk of failure)
Press: ? - help, Q - select action, (/) - cycle Shift-Dir - straight line, f/p - scorpion
Aim: a scorpion (almost dead, 82% to hit)
The blast of sand hits the scorpion but does no damage.
The scorpion is almost dead.
The scorpion barely misses you. The scorpion stings you.
* * * LOW HITPOINT WARNING * * *
You are too injured to fight recklessly!
You barely miss the scorpion.
The scorpion is almost dead.
The scorpion barely misses you. Magic courses through your body.
The scorpion stings you.
You die...

#.......#)..##.......
#.......#.[..........
#...<..)..........
#..###..###...####
#.......###...#
#...###.#......
.........#.#######
#..######.........
#.........@s.....# #
#######..)......
#......... ..........
...........
......!.....
.......#.#...
.#......#.....


You could see a scorpion.

Vanquished Creatures
  An orc priest (D:3)
  An adder (D:2)
  9 orcs
  5 ball pythons
  5 endoplasms
  2 giant cockroaches
  7 goblins
  4 hobgoblins
  2 jackals (D:1)
  2 quokkas (D:1)
  3 bats
  2 frilled lizards
  5 kobolds
  6 rats
54 creatures vanquished.

Notes
Turn   | Place    | Note
-------+----------+-------------------------------------------
     0 | D:1      | CrazyBamboolord the Gargoyle Earth Elementalist began the
                  | quest for the Orb.
     0 | D:1      | Reached XP level 1. HP: 10/10 MP: 3/3
   177 | D:1      | Reached XP level 2. HP: 16/16 MP: 0/5
   794 | D:1      | Found a faded altar of an unknown god.
   959 | D:2      | Reached skill level 4 in Earth Magic
   959 | D:2      | Reached XP level 3. HP: 20/20 MP: 4/6
   962 | D:2      | Reached skill level 1 in Conjurations
  1072 | D:2      | Learned a level 3 spell: Stone Arrow
  1499 | D:2      | Identified the +3 sling of Immorality {freeze, *Slow rN+
                  | Dex+3}
  1709 | D:3      | Found a white marble altar of Elyvilon.
  1918 | D:3      | Found a blossoming altar of Fedhas.
  2095 | D:3      | Found an ornate altar of the Wu Jian Council.
  2353 | D:4      | Reached XP level 4. HP: 24/24 MP: 4/7
  2445 | D:4      | Reached skill level 1 in Fighting
  2593 | D:3      | Learned a level 2 spell: Passwall
  2617 | D:4      | Noticed a scorpion
  2639 | D:4      | Slain by a scorpion

Illustrated notes

Levels and vault maps discovered:
D:1:      enne_arrival_octagon_isle, layout_loops_ring,
          hellmonk_ecumenical_altar_crossroads
D:2:      layout_basic
D:3:      layout_loops_ring, elyvilon_altar_3, fedhas_ov_isle_minmay,
          nicolae_wu_jian_wuxing_cycle
D:4:      black_bear_nest_2, layout_basic

Skill      XL: |  1  2  3  4 |
---------------+-------------+-----
Earth Magic    | 4 |  4.5
Conjurations   | 1 |  1.6
Fighting       | 1 |  1.3
Dodging        | 2 |  2.0
Stealth        | |  2.8
Spellcasting   | |  2.5
Transmutations | |  0.9

Action                     |  1- 3 |  4- 6 || total
---------------------------+-------+-------++-------
  Melee: Unarmed           |     2 |       ||     2
         Short sword       |       |    10 ||    10
   Cast: Sandblast         |    67 |    25 ||    92
    Use: Scroll            |     4 |       ||     4
         Potion            |       |     1 ||     1
 Armour: Robe              |    18 |    25 ||    43
  Dodge: Dodged            |    13 |    21 ||    34

Table legend: (Time is in decaauts)
 A = Elapsed time spent in this place.
 B = Non-inter-level travel time spent in this place.
 C = Inter-level travel time spent in this place.
 D = Time resting spent in this place.
 E = Time spent auto-exploring this place.
 F = Levels seen in this place.
 G = Mean time per level.
                   A        B        C        D        E       F      G
               +--------+--------+--------+--------+--------+-----+--------+
         Total |   2689 |   2528 |    161 |    190 |   1961 |   4 |  672.2 |
       Dungeon |   2689 |   2528 |    161 |    190 |   1961 |   4 |  672.2 |
               +--------+--------+--------+--------+--------+-----+--------+

Top non-repeatable levels by time:
     D:1: 933 daAuts
     D:3: 905 daAuts
     D:2: 786 daAuts
     D:4: 64 daAuts
